 Dungeon Crawl Stone Soup version 0.20.0-15-g7f486f2 (webtiles) character file.

115 Mygna the Conjurer (level 4, -1/33 HPs)
             Began as a Draconian Conjurer on June 9, 2017.
             Killed from afar by an orc wizard (4 damage)
             ... with a magic dart
             ... on level 3 of the Dungeon.
             The game lasted 00:06:16 (2235 turns).

Mygna the Conjurer (Draconian Conjurer)             Turns: 2235, Time: 00:06:17

Health: -1/33      AC:  5    Str: 10    XL:     4   Next: 68%
Magic:  0/8        EV: 13    Int: 16    God:
Gold:   168        SH:  0    Dex: 12    Spells: 2/8 levels left

rFire    + . .     SeeInvis .   k - +3 whip (flame)
rCold    + . .     Gourm    .   (no shield)
rNeg     . . .     Faith    .   (armour unavailable)
rPois    .         Spirit   .   (helmet restricted)
rElec    .         Reflect  .   h - scarf {rC+ rF+}
rCorr    .         Harm     .   (no gloves)
MR       .....                  (no boots)
Stlth    ++........             (no amulet)
Regen    0.2/turn               l - ring of wizardry
MPRegen  0.2/turn               n - +1 ring of evasion

@: invisible
A: unfitting armour, cold-blooded, AC +5
a: no special abilities


You were on level 3 of the Dungeon.
You were hungry.

You visited 1 branch of the dungeon, and saw 3 of its levels.

You collected 168 gold pieces.

Inventory:

Hand Weapons
 d - a +0 short sword
 k - a +3 whip of flaming (weapon)
 u - a +1 short sword of freezing
Armour
 h - a scarf of resistance (worn)
Magical Staves
 w - an uncursed staff of death
Jewellery
 l - a ring of wizardry (left hand)
 n - a +1 ring of evasion (right hand)
Scrolls
 c - 3 scrolls of identify {unknown}
 g - a scroll of enchant armour {unknown}
 j - a scroll of remove curse
 r - a scroll of teleportation {unknown}
 s - a scroll of magic mapping {unknown}
 t - a scroll of fog {unknown}
Potions
 e - a potion of invisibility
 f - a potion of might {unknown}
 i - a potion of cancellation {unknown}
 q - a potion of haste {unknown}
 v - 2 potions of mutation {unknown}
Books
 a - a book of Conjurations

   Spells                             Type                      Level
   a - Magic Dart                     Conjuration                  1
   b - Searing Ray                    Conjuration                  2
   c - Dazzling Spray                 Conjuration/Hexes            3
   d - Fulminant Prism                Conjuration/Hexes            4
   e - Force Lance                    Conjuration/Translocation    4
   f - Iskenderun's Mystic Blast      Conjuration                  4
 m - a book of Minor Magic

   Spells                             Type                      Level
   a - Magic Dart                     Conjuration                  1
   b - Blink                          Translocation                2
   c - Call Imp                       Summoning                    2
   d - Slow                           Hexes                        2
   e - Conjure Flame                  Conjuration/Fire             3
   f - Mephitic Cloud                 Conjuration/Poison/Air       3
Comestibles
 b - a bread ration
 o - 2 royal jellies
 p - 3 fruits
 x - a chunk of flesh


   Skills:
 - Level 1.7 Dodging
 - Level 1.7 Stealth
 * Level 2.9 Spellcasting
 + Level 5.4 Conjurations
 - Level 1.0 Hexes


You had 2 spell levels left.
You knew the following spells:

 Your Spells              Type           Power        Failure   Level  Hunger
a - Magic Dart            Conj           ###.         1%          1    #......
b - Searing Ray           Conj           ###...       1%          2    ##.....
c - Dazzling Spray        Conj/Hex       ##....       6%          3    ###....


Dungeon Overview and Level Annotations

Branches:
Dungeon (3/15)

Altars:


Innate Abilities, Weirdness & Mutations

Your plain brown scales are hard. (AC +5)
You cannot fit into any form of body armour.
You are cold-blooded and may be slowed by cold attacks.


Message History

The magic dart hits you!
* * * LOW HITPOINT WARNING * * *
The orc wizard barely misses you.
Casting: Magic Dart
Confirm with . or Enter, or press ? or * to list all spells.
Aiming: Magic Dart
Press: ? - help, Shift-Dir - straight line, f/p - orc wizard
Aim: an orc wizard, wielding a dagger and wearing a robe (severely wounded, fast)
The magic dart hits the orc wizard.
The orc wizard is almost dead.
The orc wizard barely misses you.
Casting: Magic Dart
Confirm with . or Enter, or press ? or * to list all spells.
You don't have enough magic to cast that spell.
Unknown command.
It was a potion of invisibility.
You fade into invisibility!
The orc wizard points at you and mumbles some strange words.
The magic dart hits you!
You die...

#.#.###..#
#...# #>.#
###.###.##
##.).##
###########.##
............#
###.........#
......(o.####
###.####@# #.#
#.# #.# #.# #
#[# #.# # #.#
#.# # #.# #.#
# #.# #.# #
#.# #.# #
#######.####.#
#


You could see an orc wizard.

Vanquished Creatures
  An orc priest (D:3)
  4 adders
  A leopard gecko (D:1)
  3 orcs (D:3)
  4 giant cockroaches
  7 goblins
  4 hobgoblins
  2 quokkas
  11 bats
  A frilled lizard (D:2)
  6 kobolds
  4 rats (D:1)
48 creatures vanquished.

Notes
Turn   | Place    | Note
-------+----------+-------------------------------------------
     0 | D:1      | Mygna the Draconian Conjurer began the quest for the Orb.
     0 | D:1      | Reached XP level 1. HP: 14/14 MP: 3/3
   376 | D:1      | Reached XP level 2. HP: 20/20 MP: 0/5
   956 | D:1      | Learned a level 2 spell: Searing Ray
  1099 | D:1      | Reached skill level 5 in Conjurations
  1146 | D:1      | Reached XP level 3. HP: 26/26 MP: 4/6
  1160 | D:1      | Learned a level 3 spell: Dazzling Spray
  1521 | D:2      | Reached skill level 1 in Hexes
  1876 | D:3      | Reached XP level 4. HP: 27/33 MP: 0/7
  2235 | D:3      | Killed from afar by an orc wizard

Skill      XL: |  1  2  3 |
---------------+----------+-----
Conjurations   | 5 |  5.4
Hexes          | 1 |  1.0
Dodging        | |  1.7
Stealth        | |  1.7
Spellcasting   | |  2.9

Action                   |  1- 3 |  4- 6 || total
-------------------------+-------+-------++-------
Melee: Short sword       |     1 |       ||     1
       Whip              |     1 |    16 ||    17
       Staff             |       |     1 ||     1
 Cast: Magic Dart        |    70 |    15 ||    85
       Searing Ray       |     4 |     1 ||     5
       Dazzling Spray    |       |     1 ||     1
  Use: Scroll            |     1 |       ||     1
       Potion            |       |     1 ||     1
  Eat: Chunk             |     4 |     1 ||     5
Armor: Skin              |     5 |     2 ||     7
Dodge: Dodged            |    20 |    11 ||    31
